 Dungeon Crawl Stone Soup version 0.29-a0-330-g52719c12eb (webtiles) character file.

Game seed: 9389939716065619143

615 truemonolith the Magician (level 7, -1/27 HPs)
             Began as a Felid Conjurer on May 22, 2022.
             Was a Follower of Vehumet.
             Killed by divine providence
             ... invoked by an orc priest
              (12 damage)
             ... on level 6 of the Dungeon.
             The game lasted 00:22:13 (8336 turns).

truemonolith the Magician (Felid Conjurer)          Turns: 8336, Time: 00:22:13

Health: -1/27      AC:  6    Str:  5    XL:     7   Next: 21%
Magic:  14/18      EV: 17    Int: 28    God:    Vehumet [*.....]
Gold:   285        SH:  0    Dex: 19    Spells: 19/20 levels left
                                        Lives:  0   Deaths: 2

rFire   . . .      SeeInvis +   (weapon unavailable)
rCold   . . .      Faith    .   (shield unavailable)
rNeg    . . .      Spirit   .   (body armour unavailable)
rPois   +          Reflect  .   (helmet unavailable)
rElec   .          Harm     .   (cloak unavailable)
rCorr   .          Rampage  .   (gloves unavailable)
Will    ++...                   (boots unavailable)
Stlth   ++........              (no amulet)
HPRegen 0.09/turn               c - ring "Nuen" {rPois Int+6 Dex+5}
MPRegen 0.16/turn               u - +4 ring of protection

@: quick
A: very small, claws 1, fangs 3, see invisible, speed 1, shaggy fur 2, stealthy
paws, no weapons or thrown items, no armour, multi-lived, strong-willed 1,
strong 1, wild magic 1
a: Renounce Religion


You were on level 6 of the Dungeon.
You worshipped Vehumet.
Vehumet was aware of your devotion.
You visited 2 branches of the dungeon, and saw 7 of its levels.

You collected 285 gold pieces.

Inventory:

Jewellery
 c - the ring "Nuen" (left paw) {rPois Int+6 Dex+5}
   (You acquired it on level 2 of the Dungeon)

   [ring of intelligence]

   Int:       It affects your intelligence (+6).
   Dex:       It affects your dexterity (+5).
   rPois:     It protects you from poison.
 u - a +4 ring of protection (right paw)
 v - a ring of resist corrosion
Wands
 p - a wand of acid (8)
Scrolls
 d - 10 scrolls of identify
 f - 2 scrolls of teleportation
 g - a scroll of torment {unknown}
 j - a scroll of amnesia {unknown}
 m - a scroll of fear {unknown}
 n - a scroll of summoning {unknown}
 o - 2 scrolls of immolation {unknown}
 q - a scroll of enchant weapon {unknown}
Potions
 a - a potion of magic
 b - 2 potions of haste
 e - 2 potions of cancellation {unknown}
 h - a potion of flight
 i - a potion of attraction
 k - a potion of ambrosia {unknown}
 l - a potion of berserk rage
 r - a potion of heal wounds {unknown}
 s - a potion of curing
 t - 2 potions of resistance


   Skills:
 - Level 2.6 Dodging
 - Level 2.6 Stealth
 - Level 7.3 Spellcasting
 + Level 6.5 Conjurations


You had 19 spell levels left.
You knew the following spells:

 Your Spells              Type           Power      Damage    Failure   Level
a - Magic Dart            Conj           100%       1d8       1%          1

Your spell library contained the following spells:

 Spells                   Type           Power      Damage    Failure   Level
 Freeze                   Ice            52%        1d7       9%          1
 Searing Ray              Conj           100%       2d8       1%          2
 Dazzling Flash           Conj/Hex       74%        N/A       7%          3
 Ensorcelled Hibernation  Hex/Ice        26%        N/A       13%         2
 Passwall                 Tmut/Erth      10%        N/A       13%         2
 Fulminant Prism          Conj/Hex       18%        3d11      21%         4
 Iskenderun's Mystic Bla  Conj/Tloc      37%        2d9       21%         4
 Frozen Ramparts          Ice            26%        1d4       22%         3
 Swiftness                Air            13%        N/A       22%         3
 Ice Form                 Ice/Tmut       13%        N/A       56%         4
 Summon Ice Beast         Ice/Summ       13%        N/A       56%         4


Dungeon Overview and Level Annotations

Branches:
Dungeon (6/15)             Temple (1/1) D:4

Altars:
Ashenzari
Cheibriados
Elyvilon
Fedhas
Gozag
Hepliaklqana
Kikubaaqudgha
Makhleb
Nemelex Xobeh
Okawaru
Qazlal
Ru
Sif Muna
Trog
Uskayaw
Vehumet
Wu Jian
Xom
Yredelemnul
Zin
The Shining One

Shops:
D:3 *


Innate Abilities, Weirdness & Mutations

You have sharp claws.
You have razor-sharp teeth.
You have supernaturally acute eyesight. (SInv)
You cover ground quickly. (Speed+)
You are covered in thick fur. (AC +2)
Your paws help you pounce on unaware monsters.
You are incapable of wielding weapons or throwing items.
You cannot wear armour.
You gain extra lives every three experience levels.
You are strong-willed. (Will+)
Your muscles are strong. (Str +2)
Your spells are a little harder to cast, but a little more powerful.


Message History

Aiming: Magic Dart (safe; 1% risk of failure)
Press: ? - help, Shift-Dir - straight line, f/p - orc priest
Aim: an orc priest, wielding a +0 club and wearing a +0 ring mail (moderately wounded, 100% to hit)
The magic dart hits the orc priest.
The orc priest is severely wounded.
An orc comes into view. It is wielding a +0 club.
Unknown command.
Casting: Magic Dart (safe; 1% risk of failure)
Confirm with . or Enter, or press ? or * to list all spells.
Aiming: Magic Dart (safe; 1% risk of failure)
Press: ? - help, Shift-Dir - straight line, f/p - orc priest
Aim: an orc priest, wielding a +0 club and wearing a +0 ring mail (severely wounded, 100% to hit)
The magic dart hits the orc priest.
The orc priest is almost dead.
The orc shouts!
You hear a shout!
An orc warrior comes into view. It is wielding a +0 flail.
Unknown command.
Casting: Magic Dart (safe; 1% risk of failure)
Confirm with . or Enter, or press ? or * to list all spells.
Aiming: Magic Dart (safe; 1% risk of failure)
Press: ? - help, Shift-Dir - straight line, f/p - orc priest
Aim: an orc priest, wielding a +0 club and wearing a +0 ring mail (almost dead, 100% to hit)
The magic dart hits the orc.
The orc is almost dead.
Casting: Magic Dart (safe; 1% risk of failure)
Confirm with . or Enter, or press ? or * to list all spells.
Aiming: Magic Dart (safe; 1% risk of failure)
Press: ? - help, Shift-Dir - straight line, f - orc warrior, p - orc priest
Aim: an orc warrior, wielding a +0 flail and wearing a +0 chain mail (100% to hit)
The magic dart hits the orc warrior but does no damage.
The orc priest calls upon Beogh to heal the orc.
The orc is healed somewhat.
The orc priest mumbles some strange prayers to Beogh against you.
Beogh smites you!
Ouch! That really hurt!
Things that are here:
a +0 club; an orc corpse The orc priest calls down the wrath of Beogh upon you.
Beogh smites you!
You die...

#.# # #.#.### #o#
#.#.#.. #.# #.#.#.#
#.# #.#.#.# #o#
#.#.#.# #)# ##......
#.# #....#.# #.#
#.####.# #@###### #.#
#.# #....<.####.# #.#
##########........<.#
#.#
..................###
#.#
##########.###.##.#
#.# #...<...##.# #.#
#.#.######.######.#
#.#.# #........#
#.#.# ##########


You could see an orc warrior and an orc priest.

Vanquished Creatures
  A black bear (D:6)
  An ogre (D:5)
  A centaur (D:6)
  A phantom (D:5)
  A kobold brigand (D:4)
  A necrophage (D:5)
  2 scorpions (D:5)
  A bullfrog (D:3)
  4 hounds
  An orc priest (D:3)
  Natasha (D:2)
  3 iguanas
  2 orc wizards
  Robin (D:2)
  7 adders
  2 gnolls (D:5)
  A dart slug (D:4)
  14 orcs
  2 endoplasms
  3 giant cockroaches
  14 goblins
  12 hobgoblins
  3 jackals
  4 quokkas
  8 ball pythons
  8 bats
  4 frilled lizards
  12 kobolds
  5 rats
120 creatures vanquished.

Vanquished Creatures (others)
  9 fungi (D:5)
  14 plants (D:1)
23 creatures vanquished.

Grand Total: 143 creatures vanquished

Notes
Turn   | Place    | Note
-------+----------+-------------------------------------------
     0 | D:1      | truemonolith the Felid Conjurer began the quest for the
                  | Orb.
     0 | D:1      | Reached XP level 1. HP: 7/7 MP: 4/4
   457 | D:1      | Reached XP level 2. HP: 11/11 MP: 3/6
  1188 | D:1      | Reached XP level 3. HP: 14/14 MP: 2/8
  1891 | D:2      | Reached skill level 3 in Spellcasting
  1961 | D:2      | Noticed Robin
  1973 | D:2      | Killed Robin
  1974 | D:2      | Reached XP level 4. HP: 18/18 MP: 3/9
  2509 | D:2      | Found a faded altar of an unknown god.
  2568 | D:2      | Noticed Natasha
  2576 | D:2      | Killed Natasha
  3017 | D:2      | Identified a scroll of acquirement
  3017 | D:2      | Acquired the ring "Nuen" {rPois Int+6 Dex+5}
  3025 | D:2      | Gained mutation: Your spells are a little harder to cast,
                  | but a little more powerful. [potion of mutation]
  3025 | D:2      | Gained mutation: Your muscles are strong. (Str +2) [potion
                  | of mutation]
  3025 | D:2      | Gained mutation: You are strong-willed. (Will+) [potion of
                  | mutation]
  3294 | D:3      | Reached XP level 5. HP: 21/21 MP: 5/11
  3576 | D:3      | Reached skill level 4 in Spellcasting
  3576 | D:3      | Reached skill level 5 in Conjurations
  3642 | D:3      | Found Waafach's General Store.
  3823 | D:4      | Found a staircase to the Ecumenical Temple.
  3832 | Temple   | Entered the Ecumenical Temple
  4179 | Temple   | Became a worshipper of Vehumet
  4584 | D:4      | Gained mutation: You are covered in thick fur. (AC +2)
                  | [Felid growth]
  4584 | D:4      | Reached XP level 6. HP: 24/24 MP: 6/13
  5316 | D:5      | Entered Level 5 of the Dungeon
  5325 | D:4      | Slain by a gnoll shaman
  5326 | D:4      | Reached XP level 5. HP: -4/21 MP: 7/12
  5465 | D:5      | Reached skill level 5 in Spellcasting
  5613 | D:4      | Reached XP level 6. HP: 24/24 MP: 9/14
  6253 | D:5      | Reached skill level 6 in Spellcasting
  6397 | D:5      | Reached XP level 7. HP: 12/27 MP: 8/17
  6843 | D:5      | Reached skill level 7 in Spellcasting
  7708 | D:6      | Shot with an arrow by a centaur
  7709 | D:6      | Reached XP level 6. HP: -4/24 MP: 12/17
  7972 | D:6      | Reached XP level 7. HP: 27/27 MP: 6/18
  8017 | D:6      | Reached * piety under Vehumet
  8017 | D:6      | Offered knowledge of Freeze by Vehumet.
  8336 | D:6      | Killed from afar by an orc priest

Illustrated notes

Levels and vault maps discovered:
D:1:      minmay_arrival_four_circles, layout_basic, lexackson_kobold_supper
D:2:      layout_rooms, shapermc_ecumenical_altar_notcrosses,
          minmay_pentomino_pile, uniq_natasha, uniq_robin
D:3:      layout_rooms, serial_glass, glass_columns_a, glass_columns_c,
          serial_shops, nicolae_shop_waterfront
D:4:      layout_loops_ring, minmay_temple_entry_statues_fountains
D:5:      minmay_inner_zag, layout_loops_ring, serial_aquarium,
          aquarium_bridge_square [aquarium_subvault_balcony,
          aquarium_subvault_bridge, aquarium_subvault_window,
          aquarium_subvault_window], aquarium_bridge_straight
          [aquarium_subvault_bridge, aquarium_subvault_balcony,
          aquarium_subvault_bridge, aquarium_subvault_balcony],
          aquarium_window_double, aquarium_window_1, aquarium_view_2d,
          aquarium_view_2e, aquarium_pool_2
D:6:      layout_loops_ring
Temple:   regret_index_temple_sigil_plot

Skill      XL: |  1  2  3  4  5  6  7 |
---------------+----------------------+-----
Conjurations   | 4 5 6 |  6.5
Spellcasting   | 3 5 6 7 |  7.3
Dodging        | |  2.6
Stealth        | |  2.6

Action                   |  1- 3 |  4- 6 |  7- 9 || total
-------------------------+-------+-------+-------++-------
Melee: Unarmed           |       |     9 |       ||     9
       Bite              |       |     2 |       ||     2
 Cast: Magic Dart        |    84 |   223 |    68 ||   375
  Use: Scroll            |       |     9 |       ||     9
       Potion            |       |     5 |       ||     5
 Stab: Sleeping          |       |     2 |       ||     2
Armor: Skin              |       |     6 |       ||     6
Dodge: Dodged            |     9 |    69 |    11 ||    89

Table legend: (Time is in decaauts)
 A = Elapsed time spent in this place.
 B = Non-inter-level travel time spent in this place.
 C = Inter-level travel time spent in this place.
 D = Time resting spent in this place.
 E = Time spent auto-exploring this place.
 F = Levels seen in this place.
 G = Mean time per level.
                   A        B        C        D        E       F      G
               +--------+--------+--------+--------+--------+-----+--------+
         Total |   7475 |   7367 |    108 |   3211 |   2391 |   7 | 1067.9 |
       Dungeon |   7178 |   7083 |     95 |   3211 |   2204 |   6 | 1196.3 |
        Temple |    297 |    284 |     13 |      0 |    187 |   1 |  297.0 |
               +--------+--------+--------+--------+--------+-----+--------+

Top non-repeatable levels by time:
     D:5: 1905 daAuts
     D:2: 1531 daAuts
     D:1: 1230 daAuts
     D:4: 1122 daAuts
     D:6: 711 daAuts
     D:3: 676 daAuts
  Temple: 297 daAuts
